 Dungeon Crawl Stone Soup version 0.23.1 (webtiles) character file.

Game seed: 4073479119457320703

9014 Borgoz the Grappler (level 11, -4/92 HPs)
             Began as a Ghoul Warper on Mar 8, 2019.
             Was a Follower of Ashenzari.
             Slain by an orc warrior
             ... wielding a +0 long sword
              (20 damage)
             ... on level 8 of the Dungeon.
             The game lasted 00:20:31 (10860 turns).

Borgoz the Grappler (Ghoul Warper)                 Turns: 10860, Time: 00:20:32

Health: -4/92      AC: 13    Str: 16    XL:     11   Next: 39%
Magic:  15/15      EV: 13    Int: 13    God:    Ashenzari [*.....]
Gold:   544        SH:  0    Dex: 15    Spells: 15/17 levels left

rFire    . . .     SeeInvis .   a - +11 war axe "Lifebane" {drain, rC+}
rCold    + + .     Gourm    .   (no shield)
rNeg     + + +     Faith    .   y - +0 scale mail
rPois    ∞         Spirit   .   (no helmet)
rElec    +         Reflect  .   e - +0 cloak (curse)
rCorr    .         Harm     .   G - +2 pair of gloves of Boiliac {rElec Dex+4}
MR       .....                  (no boots)
Stlth    +.........             (no amulet)
HPRegen  0.00/turn              o - +5 ring of intelligence (curse)
MPRegen  0.14/turn              v - +1 ring of protection

@: rotting
A: rotting body, claws 1, carnivore, cold resistance 1, negative energy
resistance 3, inhibited regeneration, torment resistance, unbreathing
a: Curse Item, Scrying, Renounce Religion


You were on level 8 of the Dungeon.
You worshipped Ashenzari.
Ashenzari was aware of your devotion.
You were not hungry.

You visited 2 branches of the dungeon, and saw 11 of its levels.
You also visited: Sewer.

You collected 544 gold pieces.

Inventory:

Hand Weapons
 a - the +11 war axe "Lifebane" (weapon) {drain, rC+}
   (You found it on level 7 of the Dungeon)

   A truly terrible weapon, it drains the life of those it strikes.
   It protects you from cold.
 b - a +0 blowgun
 A - the +12 dagger of Anymm {freeze, Int+4}
   (You took it off a kobold on level 9 of the Dungeon)

   It has been specially enchanted to freeze those struck by it, causing extra
   injury to most foes and up to half again as much damage against particularly
   susceptible opponents.
   It can also slow down cold-blooded creatures.
   It affects your intelligence (+4).
 F - a +4 short sword
Missiles
 d - 5 tomahawks of dispersal (quivered)
 s - 5 tomahawks
 w - 13 javelins
 x - 3 exploding tomahawks
 C - 25 poisoned needles
Armour
 e - a cursed +0 cloak (worn)
 m - a +0 leather armour
 y - a +0 scale mail (worn)
 G - the +2 pair of gloves of Boiliac (worn) {rElec Dex+4}
   (You found it on level 9 of the Dungeon)

   It affects your dexterity (+4).
   It insulates you from electricity.
Jewellery
 o - a cursed +5 ring of intelligence (left hand)
 v - a +1 ring of protection (right hand)
Wands
 r - a wand of polymorph (22)
 z - a wand of acid (8)
 H - a wand of enslavement (8)
Scrolls
 c - a scroll of blinking
 g - 5 scrolls of identify
 h - 3 scrolls of enchant armour
 i - 3 scrolls of remove curse
 j - 3 scrolls of enchant weapon
 k - a scroll of fog
 l - 3 scrolls of immolation
 q - a scroll of fear
 B - 3 scrolls of magic mapping
Potions
 n - 2 potions of brilliance
 t - 2 potions of flight
 u - 3 potions of curing
Comestibles
 f - 25 rations
 p - 17 chunks of flesh


   Skills:
 + Level 7.0 Fighting
 + Level 7.5 Axes
 - Level 0.9 Throwing
 + Level 6.4 Armour
 + Level 6.2 Dodging
 - Level 2.3 Stealth
 - Level 9.6 Unarmed Combat
 + Level 3.6 Spellcasting
 + Level 4.4 Translocations


You had 15 spell levels left.
You knew the following spells:

 Your Spells              Type           Power        Failure   Level  Hunger
a - Blink                 Tloc           N/A          17%         2    ##.....

Your spell library contained the following spells:

 Spells                   Type           Power        Failure   Level  Hunger
 Gell's Gravitas          Tloc           ##........   34%         3    ###....
 Lesser Beckoning         Tloc           ##........   34%         3    ###....
 Teleport Other           Tloc           ##......     34%         3    ###....
 Shroud of Golubria       Chrm/Tloc      #.........   38%         2    ##.....
 Passage of Golubria      Tloc           N/A          75%         4    #####..


Dungeon Overview and Level Annotations

Branches:
Dungeon (10/15)            Temple (1/1) D:7            Lair (0/6) D:9
    Orc: D:9-12

Altars:
Ashenzari
Cheibriados
Dithmenos
Elyvilon
Fedhas
Gozag
Hepliaklqana
Kikubaaqudgha
Makhleb
Nemelex Xobeh
Okawaru
Qazlal
Ru
Sif Muna
Trog
Uskayaw
Vehumet
Wu Jian
Xom
Yredelemnul
Zin
The Shining One


Innate Abilities, Weirdness & Mutations

Your body is rotting away.
You thrive on raw meat.
You are immune to poison.
You have sharp fingernails.
You are carnivorous and can eat meat at any time.
Your flesh is cold resistant. (rC+)
You are immune to negative energy. (rN+++)
You do not regenerate when monsters are visible.
You are immune to unholy pain and torment.
You can survive without breathing.


Message History

The orc misses you. The orc hits you with a +0 flail.
Some of the chunks of flesh in your inventory have rotted away.
You slash the orc knight! You drain the orc knight.
The orc knight is heavily wounded.
You closely miss the orc. You slash the orc!
You kill the orc!
The orc knight hits you with a +0 halberd!
The orc zaps a wand.
The bolt of acid hits you!
You are splashed with acid!
* * * LOW HITPOINT WARNING * * *
You feel better. The orc misses you.
The orc knight hits you with a +0 halberd.
* * * LOW HITPOINT WARNING * * *
Eat one of 18 chunks of flesh? (ye/n/q)
You eat one of the 18 chunks of flesh.
This raw flesh tastes great!
The orc hits you with a +0 flail.
* * * LOW HITPOINT WARNING * * *
The orc knight barely misses you. The orc hits you with a +0 mace.
* * * LOW HITPOINT WARNING * * *
The orc warrior hits you with a +0 long sword!!
You die...

#....≈≈###'# #....#
#...P≈≈#...#############)'''###
#....≈≈#...#[...........)......
#....≈≈#####≈≈≈≈≈≈≈≈≈≈≈≈....≈≈≈
#....≈≈≈≈≈≈≈≈≈≈≈≈≈≈≈≈≈≈≈....≈≈≈
#P...≈≈≈≈≈≈)≈≈≈≈)≈≈≈≈≈≈≈....≈≈≈
#..........[).........o........
###########>..oo.o.............
#......@o........o.#####
#.#####o#..[.....o.#
#.##..<.#......o...#
#.##.##.#......[...#
#.##.##.#..........#
#.##.##.#..........#
#.#.....##.........#
#....#..##.o############
####.#..##..............


You could see an orc knight, an orc warrior and 3 orcs.

Vanquished Creatures
  An ugly thing (D:10)
  Maurice (D:9)
  A meliai (D:10)
  A troll (D:9)
  A vampire (D:10)
  A spriggan (D:8)
  A wyvern (D:10)
  A steam dragon (D:9)
  A vampire mosquito (D:10)
  2 hungry ghosts
  13 wargs
  2 porcupines (D:9)
  2 black bears
  2 eyes of draining
  5 ice beasts
  3 orc warriors
  3 phantoms
  5 ogres
  A sky beast (D:9)
  4 centaurs
  3 big kobolds
  A crocodile (D:9)
  Blork the orc (D:5)
  12 bullfrogs
  A gnoll sergeant (D:10)
  7 scorpions
  3 killer bees (D:9)
  A howler monkey (D:7)
  A bullfrog zombie (D:10)
  3 crimson imps
  6 hounds
  An orc priest (D:8)
  A jelly (D:7)
  3 bullfrog skeletons
  A centaur skeleton (D:9)
  2 orc wizards
  10 worker ants
  A hound zombie (D:10)
  A hound skeleton (D:7)
  A worker ant zombie (D:8)
  15 gnolls
  16 adders
  A river rat (Sewer)
  3 shadow imps
  2 oozes
  3 adder zombies
  2 adder skeletons (D:9)
  5 worms
  5 dart slugs
  3 leopard geckos
  41 orcs
  12 giant cockroaches
  10 hobgoblins
  4 jackals
  5 quokkas
  2 ball pythons
  5 bats
  2 frilled lizards (D:3)
  8 goblins
  A jackal skeleton (D:5)
  22 kobolds
  2 leopard gecko skeletons
  2 quokka skeletons (D:4)
  11 rats
293 creatures vanquished.

Vanquished Creatures (others)
  3 fungi (D:9)
  A plant (D:9)
4 creatures vanquished.

Grand Total: 297 creatures vanquished

Notes
Turn   | Place    | Note
-------+----------+-------------------------------------------
     0 | D:1      | Borgoz the Ghoul Warper began the quest for the Orb.
     0 | D:1      | Reached XP level 1. HP: 17/17 MP: 2/2
   114 | D:1      | Reached skill level 1 in Armour
   494 | D:1      | Reached XP level 2. HP: 22/25 MP: 3/3
   914 | D:1      | Reached XP level 3. HP: 22/30 MP: 5/5
  1297 | D:2      | Found a shadowy altar of Dithmenos.
  1774 | D:2      | Reached skill level 3 in Unarmed Combat
  1800 | D:2      | Reached XP level 4. HP: 35/38 MP: 6/6
  1909 | D:2      | Found a bloodstained altar of Trog.
  2518 | D:3      | Learned a level 2 spell: Blink
  2664 | D:3      | Reached XP level 5. HP: 45/45 MP: 7/7
  2892 | D:3      | Reached skill level 4 in Unarmed Combat
  3489 | D:4      | Reached skill level 1 in Stealth
  3611 | D:4      | Found a glowing drain.
  3649 | Sewer    | Entered a sewer
  3713 | Sewer    | Noticed a big kobold
  3759 | Sewer    | Killed a big kobold
  3759 | Sewer    | Reached skill level 5 in Unarmed Combat
  3759 | Sewer    | Reached XP level 6. HP: 36/51 MP: 8/8
  3827 | Sewer    | Found a white marble altar of Elyvilon.
  4199 | D:4      | Found an opulent altar of Gozag.
  4219 | D:4      | Reached XP level 7. HP: 40/57 MP: 9/9
  4223 | D:4      | Found a hide-covered altar of Uskayaw.
  4485 | D:5      | Entered Level 5 of the Dungeon
  4496 | D:5      | Noticed Blork the orc
  4525 | D:5      | Killed Blork the orc
  4525 | D:5      | Reached skill level 6 in Unarmed Combat
  4767 | D:5      | Found a glowing golden altar of the Shining One.
  4967 | D:5      | Found a glowing silver altar of Zin.
  5030 | D:5      | Reached skill level 7 in Unarmed Combat
  5310 | D:6      | Found an opulent altar of Gozag.
  5324 | D:6      | Reached XP level 8. HP: 66/66 MP: 10/10
  5545 | D:6      | Reached skill level 8 in Unarmed Combat
  5831 | D:6      | Found an ancient bone altar of Kikubaaqudgha.
  6247 | D:7      | Reached skill level 9 in Unarmed Combat
  6274 | D:7      | Reached XP level 9. HP: 49/72 MP: 11/11
  6297 | D:7      | Found a staircase to the Ecumenical Temple.
  6315 | Temple   | Entered the Ecumenical Temple
  6524 | Temple   | Became a worshipper of Ashenzari the Shackled
  6678 | D:7      | Found an iron altar of Okawaru.
  7088 | D:7      | Got the war axe "Lifebane" {drain, rC+}
  7089 | D:7      | Identified the +11 war axe "Lifebane" {drain, rC+} (You
                  | found it on level 7 of the Dungeon)
  7516 | D:7      | Reached skill level 1 in Axes
  7925 | D:8      | Reached skill level 5 in Fighting
  7925 | D:8      | Reached skill level 5 in Dodging
  8354 | D:8      | Found a glowing golden altar of the Shining One.
  8428 | D:9      | Noticed Maurice
  8431 | D:9      | Killed Maurice
  8431 | D:9      | Reached skill level 5 in Axes
  8431 | D:9      | Reached skill level 5 in Armour
  8431 | D:9      | Reached XP level 10. HP: 81/81 MP: 6/12
  8668 | D:9      | Identified the +12 dagger of Anymm {freeze, Int+4}
  8731 | D:9      | Reached * piety under Ashenzari
  9074 | D:9      | Found a staircase to the Lair.
  9086 | D:9      | Got the uncursed pair of gloves of Boiliac {rElec Dex+4}
  9097 | D:9      | Identified the +2 pair of gloves of Boiliac {rElec Dex+4}
                  | (You found it on level 9 of the Dungeon)
  9388 | D:10     | Entered Level 10 of the Dungeon
  9527 | D:10     | Noticed a cyclops
  9527 | D:10     | Noticed an eight-headed hydra
  9529 | D:10     | Noticed a cyclops
  9666 | D:10     | Noticed a white ugly thing
  9680 | D:10     | Killed a white ugly thing
  9680 | D:10     | Reached XP level 11. HP: 24/91 MP: 14/14
 10042 | D:8      | Noticed an orc knight
 10422 | D:8      | Found a snail-covered altar of Cheibriados.
 10527 | D:8      | Found a sparkling altar of Nemelex Xobeh.
 10860 | D:8      | Slain by an orc warrior

Skill      XL: |  1  2  3  4  5  6  7  8  9 10 11 |
---------------+----------------------------------+-----
Armour         | 1 2 3 4 5 6 |  6.4
Spellcasting   | 2 3 |  3.6
Dodging        | 2 3 5 6 |  6.2
Unarmed Combat | 3 5 7 9 |  9.6
Fighting       | 3 4 5 6 7 |  7.0
Stealth        | 1 2 |  2.3
Axes           | 5 7 |  7.5
Translocations | 3 4 |  4.4
Throwing       | |  0.9

Action                   |  1- 3 |  4- 6 |  7- 9 | 10-12 || total
-------------------------+-------+-------+-------+-------++-------
Melee: Unarmed           |   136 |   295 |   323 |       ||   754
       Punch             |     1 |     3 |    13 |     7 ||    24
       War axe           |       |       |    91 |   269 ||   360
Invok: Curse Item        |       |       |     2 |       ||     2
  Use: Scroll            |       |     4 |    14 |     3 ||    21
       Potion            |       |     3 |     3 |     3 ||     9
 Stab: Sleeping          |       |     2 |       |       ||     2
  Eat: Chunk             |     9 |    19 |    26 |    40 ||    94
Armor: Leather armour    |    33 |    65 |    12 |       ||   110
       Scale mail        |       |       |   103 |   156 ||   259
Dodge: Dodged            |    82 |   157 |   210 |   203 ||   652
